 Dungeon Crawl Stone Soup version 0.30-a0-160-gcfceee88d3 (webtiles) character file.

Game seed: 6537715981944195916

133 qw the Chopper (level 5, 0/32 HPs)
             Began as a Gargoyle Fighter on Sept 27, 2022.
             Slain by a gnoll
             ... wielding a +0 whip
              (3 damage)
             ... on level 3 of the Dungeon.
             The game lasted 00:00:55 (2673 turns).

qw the Chopper (Gargoyle Fighter)                   Turns: 2673, Time: 00:00:56

Health: 0/32       AC: 14    Str: 21      XL:     5   Next: 16%
Magic:  5/5        EV:  7    Int:  8 (9)  God:
Gold:   119        SH:  4    Dex:  7 (9)  Spells: 4/4 levels left

rFire   . . .      SeeInvis .    Y - +1 war axe
rCold   . . .      Faith    .    c - +0 buckler
rNeg    + . .      Spirit   .    e - +0 chain mail
rPois   inf        Reflect  .    (no helmet)
rElec   +          Harm     .    (no cloak)
rCorr   .          Rampage  .    i - +0 pair of gloves
Will    .....                    (no boots)
Stlth   ..........               (no amulet)
HPRegen 0.10/turn                (no ring)
MPRegen 0.09/turn                (no ring)

@: no status effects
A: sickness immunity, AC +4, negative energy resistance 1, electricity
resistance, torment resistance 1, petrification resistance, hooves 2
a: no special abilities


You were on level 3 of the Dungeon.
You visited 1 branch of the dungeon, and saw 3 of its levels.

You collected 119 gold pieces.


Innate Abilities, Weirdness & Mutations

You are immune to sickness and miasma.
Your stone body is resilient. (AC +4)
You are immune to poison.
You resist negative energy. (rN+)
You are resistant to electric shocks. (rElec)
You are resistant to unholy torment.
You are immune to petrification.
You have hoof-like feet.


   Skills:
 - Level 3.2 Fighting
 + Level 4.7 Axes
 - Level 3.2 Armour
 - Level 3.2 Shields


You had 4 spell levels left.
You didn't know any spells.
Your spell library was empty.

Inventory:

Hand Weapons
 h - a +0 whip
 Y - a +1 war axe (weapon)
Armour
 c - a +0 buckler (worn)
 e - a +0 chain mail (worn)
 i - a +0 pair of gloves (worn)
Scrolls
 a - 2 scrolls of butterflies {unknown}
Potions
 b - a potion of berserk rage {unknown}
 d - 3 potions of might
 f - a potion of curing {unknown}
 g - a potion of magic {unknown}
 j - a potion of mutation
 l - 2 potions of attraction {unknown}
 o - a potion of flight {unknown}
 p - a potion of lignification
 r - a potion of brilliance {unknown}

Dungeon Overview and Level Annotations

Branches:
Dungeon (3/15)

Altars:
Nemelex Xobeh

Shops:
D:1 [


Message History

You kill the hobgoblin!
You barely miss the kobold.
A gnoll comes into view. It is wielding a +0 whip.
The kobold barely misses you.
A kobold comes into view.
It is wielding a +0 dagger and quivering poisoned darts.
The kobold hits you with a +0 short sword.
The hobgoblin barely misses you.
A gnoll comes into view. It is wielding a +0 spear.
You miss the kobold. You barely miss the hobgoblin.
The hobgoblin hits you but does no damage.
You block the kobold's attack.
You closely miss the kobold. You closely miss the hobgoblin.
The hobgoblin barely misses you. The kobold hits you but does no damage.
The gnoll hits you from afar with a +0 spear.
You barely miss the gnoll. Your kick misses the gnoll. You miss the kobold.
You hit the hobgoblin.
You kill the hobgoblin!
The gnoll barely misses you. The kobold hits you but does no damage.
You block the gnoll's attack.
A hobgoblin comes into view.
The gnoll hits you but does no damage.
The kobold hits you with a +0 short sword.
The gnoll hits you from afar with a +0 spear!
You completely miss the gnoll. You hit the kobold.
You kill the kobold!
You block the gnoll's attack.
The gnoll hits you from afar with a +0 spear.
A gnoll comes into view. It is wielding a +0 club.
You closely miss the gnoll.
The gnoll shouts!
Your kick misses the gnoll. You slash the kobold!
You kill the kobold!
You block the gnoll's attack. The gnoll hits you but does no damage.
You barely miss the gnoll. You kick the gnoll, but do no damage.
You slash the hobgoblin!
You kill the hobgoblin!
The gnoll hits you with a +0 whip! The gnoll barely misses you.
A gnoll comes into view. It is wielding a +0 halberd.
The gnoll hits you but does no damage. The gnoll hits you with a +0 whip.
You die...

~~~~~~ ~~~~~~ ~~~~~~
######## ####### #
#......## ##.....# #.
#.......###......'
#g##........#......)#
#.g)........#......).
#..g@.......'......))
#..g........#........
#+##........#......)#
#.......###......)
#......## ##.....#
######## #######


You could see 4 gnolls.

Vanquished Creatures
  Terence (D:2)
  2 gnolls (D:3)
  An adder (D:2)
  3 bats
  3 endoplasms
  A giant cockroach (D:1)
  10 goblins
  22 hobgoblins
  3 jackals (D:3)
  5 kobolds
  4 quokkas
  5 ball pythons
  3 frilled lizards (D:1)
  7 rats
70 creatures vanquished.

Notes
Turn   | Place    | Note
-------+----------+-------------------------------------------
     0 | D:1      | qw the Gargoyle Fighter began the quest for the Orb.
     0 | D:1      | Reached XP level 1. HP: 14/14 MP: 1/1
     0 | D:1      | 0 ||| qw: Version: 0.2-a-10-g37ed214
     0 | D:1      | 0 ||| qw: Game counter: 620
     0 | D:1      | 0 ||| qw: Always use a shield: true
     0 | D:1      | 0 ||| qw: God list: Okawaru
     0 | D:1      | 0 ||| qw: Allow faded altars: false
     0 | D:1      | 0 ||| qw: Do Orc after D:15 true
     0 | D:1      | 0 ||| qw: Do second Lair branch before Depths: true
     0 | D:1      | 0 ||| qw: Lair rune preference: random
     0 | D:1      | 0 ||| qw: Plans: Normal, Zot:1-4, God:TSO, Crypt, Tomb,
                  | Pan, Slime:5, Hells, Abyss, Orb
     0 | D:1      | 0 ||| PLANNING D:1-11
    62 | D:1      | Found a faded altar of an unknown god.
    74 | D:1      | Reached skill level 2 in Axes
   150 | D:1      | Found Koiceato's Armour Shop.
   171 | D:1      | 171 ||| SHOPLISTING +2 pair of boots of Time Monsters
                  | {Int+3 SInv Stlth-} (397 gold, have 4).
   171 | D:1      | 171 ||| SHOPLISTING +2 plate armour of cold resistance (520
                  | gold, have 4).
   220 | D:1      | Reached XP level 2. HP: 19/19 MP: 2/2
   303 | D:1      | 303 ||| Stepping ~*~*~tactically~*~*~ (stealth).
   380 | D:1      | 380 ||| Stepping ~*~*~tactically~*~*~ (stealth).
   382 | D:1      | 382 ||| Stepping ~*~*~tactically~*~*~ (stealth).
   452 | D:1      | Reached skill level 3 in Axes
   604 | D:1      | Reached XP level 3. HP: 23/23 MP: 3/3
   870 | D:1      | 870 ||| UPGRADING to +0 pair of gloves.
   875 | D:1      | 875 ||| READING scroll labelled UTTIHI BIMOA.
   876 | D:1      | 876 ||| READING scroll labelled XALUNEEKAT.
   934 | D:2      | Noticed Terence
   945 | D:2      | Killed Terence
  1066 | D:2      | Reached XP level 4. HP: 24/28 MP: 4/4
  1513 | D:2      | 1513 ||| UPGRADING to +0 chain mail.
  1584 | D:2      | 1584 ||| DROPPING +0 scale mail.
  1620 | D:2      | Reached skill level 4 in Axes
  1821 | D:2      | 1821 ||| DROPPING +6 ring of intelligence.
  1822 | D:2      | 1822 ||| READING scroll labelled FIMANIONWU.
  1923 | D:2      | 1923 ||| READING scroll labelled ESIMMA QIBA.
  1924 | D:2      | 1924 ||| READING scroll labelled EFOIZID MITZUJ.
  1925 | D:2      | 1925 ||| READING scroll labelled MAPPYDANICSE.
  1926 | D:2      | 1926 ||| DRINKING 2 inky potions.
  1926 | D:2      | Gained mutation: You have large cloven feet. [potion of
                  | mutation]
  1926 | D:2      | Gained mutation: You have hoof-like feet. [potion of
                  | mutation]
  1927 | D:2      | 1927 ||| DRINKING 2 emerald potions.
  1976 | D:2      | 1976 ||| DRINKING 2 lumpy clear potions.
  1977 | D:2      | 1977 ||| DROPPING potion of degeneration.
  2194 | D:3      | 2194 ||| Stepping ~*~*~tactically~*~*~ (hiding).
  2195 | D:3      | 2195 ||| Stepping ~*~*~tactically~*~*~ (hiding).
  2240 | D:3      | 2240 ||| Stepping ~*~*~tactically~*~*~ (hiding).
  2241 | D:3      | 2241 ||| Stepping ~*~*~tactically~*~*~ (hiding).
  2354 | D:3      | Found a sparkling altar of Nemelex Xobeh.
  2497 | D:3      | 2497 ||| Stepping ~*~*~tactically~*~*~ (stealth).
  2508 | D:3      | 2508 ||| Stepping ~*~*~tactically~*~*~ (stealth).
  2517 | D:3      | 2517 ||| Stepping ~*~*~tactically~*~*~ (hiding).
  2583 | D:3      | 2583 ||| Stepping ~*~*~tactically~*~*~ (stealth).
  2590 | D:3      | Reached XP level 5. HP: 32/32 MP: 5/5
  2600 | D:3      | 2600 ||| Stepping ~*~*~tactically~*~*~ (hiding).
  2673 | D:3      | HP: 3/32 [gnoll/+0 whip (8)]
  2673 | D:3      | Slain by a gnoll

Levels and vault maps discovered:
D:1:      dpeg_arrival_ratfight, layout_loops_ring, serial_shops,
          nicolae_shop_temple_entry_statues_fountains,
          hellmonk_ecumenical_altar_pennies_from_heaven, minmay_splitting_lines
D:2:      layout_loops_ring, serial_glass, glass_columns_b, glass_columns_b,
          uniq_terence
D:3:      minmay_goblin_kobold_castle, layout_loops_ring,
          mainiacjoe_overflow_paths

Skill      XL: |  1  2  3  4 |
---------------+-------------+-----
Axes           | 2 3 4 |  4.7
Fighting       | |  3.2
Armour         | |  3.2
Shields        | |  3.2

Action                   |  1- 3 |  4- 6 || total
-------------------------+-------+-------++-------
Melee: War axe           |    91 |    86 ||   177
       Kick              |       |    12 ||    12
  Use: Scroll            |     2 |     4 ||     6
       Potion            |       |     3 ||     3
Armor: Scale mail        |    42 |     6 ||    48
       Chain mail        |       |    52 ||    52
Dodge: Dodged            |    41 |    41 ||    82
Block: Buckler           |    14 |    20 ||    34

Table legend:
 A = Non-vault XP
 B = Vault XP
 C = Vault XP percentage of total XP
 D = Non-vault monster count
 E = Vault monster count
 F = Vault count percentage of total count
                 A         B        C        D         E       F
            +---------+---------+-------+---------+---------+-------
      Total |      78 |     115 |  59.6 |      39 |      31 |  44.3
            +---------+---------+-------+---------+---------+-------
        D:1 |      38 |       5 |  11.6 |      23 |       5 |  17.9
        D:2 |      23 |      36 |  61.0 |       7 |       1 |  12.5
        D:3 |      17 |      74 |  81.3 |       9 |      25 |  73.5
            +---------+---------+-------+---------+---------+-------
